 Dungeon Crawl Stone Soup version 0.31.0-32-g396128a36d (webtiles) character file.

Game seed: 544933194321897256

219 gdask the Conjurer (level 5, -4/30 HPs)
             Began as a Deep Elf Conjurer on Apr 13, 2024.
             Slain by Edmund
             ... wielding a +2 flail of protection
              (5 damage)
             ... on level 4 of the Dungeon.
             The game lasted 00:06:50 (3515 turns).

gdask the Conjurer (Deep Elf Conjurer)              Turns: 3515, Time: 00:06:50

Health: -4/30      AC:  3    Str:  4    XL:     5   Next: 64%
Magic:  15/23      EV: 12    Int: 25    God:
Gold:   177        SH:  0    Dex: 13    Spells: 7/14 levels left

rFire   . . .        i - +1 spear (venom)
rCold   . . .        (no shield)
rNeg    . . .        a - +0 robe
rPois   .            e - +0 helmet
rElec   .            (no cloak)
rCorr   .            (no gloves)
SInv    .            (no boots)
Will    .....        (no amulet)
Stlth   ++           d - ring of magical power
HPRegen 0.25/turn    (no ring)
MPRegen 0.18/turn

%: no passive effects
@: mighty, hasted, very quick
A: no striking features
a: no special abilities


You were on level 4 of the Dungeon.
You visited 1 branch of the dungeon, and saw 4 of its levels.

You collected 177 gold pieces.

Inventory:

Hand Weapons
 i - a +1 spear of venom (weapon)
Armour
 a - a +0 robe (worn)
 e - a +0 helmet (worn)
 n - an orb of light
Jewellery
 d - a ring of magical power (left hand)
 o - an amulet of the acrobat
 v - a ring of fire
Wands
 u - a wand of roots (9)
Scrolls
 c - a scroll of fear {unknown}
 l - 3 scrolls of poison {unknown}
 m - a scroll of amnesia {unknown}
 p - a scroll of identify {unknown}
 r - 2 scrolls of enchant weapon {unknown}
Potions
 b - a potion of magic
 f - a potion of lignification {unknown}
 g - a potion of might
 h - a potion of enlightenment {unknown}
 j - a potion of haste
 k - a potion of degeneration {unknown}
 q - a potion of curing {unknown}
 s - 2 potions of heal wounds {unknown}
 t - a potion of ambrosia {unknown}


   Skills:
 - Level 2.0 Fighting
 - Level 2.4 Dodging
 - Level 4.0 Stealth
 + Level 5.0 Spellcasting
 + Level 5.5 Conjurations


You had 7 spell levels left.
You knew the following spells:

 Your Spells              Type           Power      Damage    Failure   Level
a - Magic Dart            Conj           100%       1d8       1%          1
b - Searing Ray           Conj           66%        2d6       1%          2
c - Iskenderun's Mystic   Conj/Tloc      20%        2d6       26%         4

Your spell library contained the following spells:

 Spells                   Type           Power      Damage    Failure   Level
 Gell's Gravitas          Tloc           6%         N/A       24%         3
 Teleport Other           Tloc           6%         N/A       24%         3
 Fulminant Prism          Conj/Alch      10%        3d8       26%         4
 Dispersal                Tloc           3%         N/A       100%        6


Dungeon Overview and Level Annotations

Branches:
Dungeon (4/15)
 Temple: D:4-7

Altars:
Trog

Annotations:
D:4 Edmund


Message History

Edmund hits you with a +2 flail of protection.
The kobold barely misses you. Edmund attacks as he pursues you!
Edmund hits you with a +2 flail of protection.
Edmund says, "People will remember me!
They'll remember me and die!"
It was a potion of might.
You feel very mighty all of a sudden. Edmund closely misses you.
Casting: Searing Ray (safe; 1% risk of failure)
Confirm with . or Enter, or press ? or * to list all spells.
Aiming: Searing Ray (safe; 1% risk of failure)
Press: ? - help, Shift-Dir - straight line, f/p - Edmund
Aim: Edmund, wielding a +2 flail of protection and wearing a +0 scale mail (lightly wounded, 83% to hit)
The searing ray hits Edmund but does no damage.
Edmund is lightly wounded.
The searing ray hits the kobold.
You kill the kobold! (Press . to maintain the ray.) Edmund misses you.
The searing ray hits Edmund but does no damage.
Edmund is lightly wounded.
Edmund closely misses you.
The searing ray hits Edmund but does no damage.
Edmund is lightly wounded.
Edmund hits you with a +2 flail of protection.
* * * LOW HITPOINT WARNING * * *
The searing ray hits Edmund but does no damage.
Edmund is lightly wounded.
You finish channelling your searing ray.
Edmund hits you with a +2 flail of protection!
* * * LOW HITPOINT WARNING * * *
Unknown command.
Okay, then.
Edmund attacks as he pursues you! Edmund closely misses you.
It was a potion of haste.
You feel yourself speed up. Edmund barely misses you.
You see here a +0 scale mail.
Edmund attacks as he pursues you!
Edmund hits you with a +2 flail of protection.
You die...
Edmund says, "I'd like to see a scythe do that!"

####.#.....## #.#
.....#......# #.#
....##.####.# #.#
........<...# #.#
.....#.#.#### #.#
####.#.#... #.#
#.#......# #.#
#.#.######.########.###
#.... .......@@...)...#
###.# ####.########.#.#
..# #!#.# ..# # ###


You could see Edmund.

Vanquished Creatures
  A bombardier beetle (D:3)
  An iguana (D:4)
  An orc wizard (D:3)
  5 adders
  4 gnolls (D:4)
  A dart slug (D:3)
  5 orcs (D:3)
  3 ball pythons
  2 endoplasms
  A giant cockroach (D:3)
  3 hobgoblins
  4 jackals (D:1)
  5 kobolds
  4 quokkas
  3 bats
  4 frilled lizards
  3 goblins (D:2)
  4 rats (D:2)
54 creatures vanquished.

Notes
Turn   | Place    | Note
-------+----------+-------------------------------------------
     0 | D:1      | gdask the Deep Elf Conjurer began the quest for the Orb.
     0 | D:1      | Reached XP level 1. HP: 10/10 MP: 6/6
   302 | D:1      | Reached XP level 2. HP: 15/15 MP: 8/8
   875 | D:2      | Reached XP level 3. HP: 16/20 MP: 10/10
   878 | D:2      | Learned a level 2 spell: Searing Ray
  1940 | D:3      | Reached skill level 1 in Fighting
  1940 | D:3      | Reached XP level 4. HP: 16/25 MP: 12/12
  2144 | D:3      | Reached skill level 5 in Conjurations
  3178 | D:4      | Reached XP level 5. HP: 16/29 MP: 13/13
  3224 | D:4      | Learned a level 4 spell: Iskenderun's Mystic Blast
  3382 | D:4      | Reached skill level 5 in Spellcasting
  3465 | D:4      | Found a bloodstained altar of Trog.
  3497 | D:4      | Noticed Edmund
  3511 | D:4      | HP: 1/30 [Edmund/+2 flail of protection (9)]
  3515 | D:4      | Slain by Edmund

Illustrated notes

Levels and vault maps discovered:
D:1:      erik_arrival_blinker_ship, layout_rooms, minmay_split_cup_large
D:2:      layout_rooms, serial_curves, eino_curves_04, eino_curves_03,
          eino_curves_04, eino_curves_03
D:3:      layout_basic
D:4:      layout_basic, nzn_wu_jian_council_hall, mainiacjoe_overflow_paths,
          lemuel_zombie_altar_yredelemnul, cheibrodos_sewer_entry_bend,
          kennysheep_nondescript, uniq_robin, uniq_edmund, uniq_menkaure

Skill      XL: |  1  2  3  4  5 |
---------------+----------------+-----
Stealth        | 3 4 |  4.0
Fighting       | 1 2 |  2.0
Spellcasting   | 4 5 |  5.0
Conjurations   | 5 |  5.5
Dodging        | |  2.4

Action                     |  1- 3 |  4- 6 || total
---------------------------+-------+-------++-------
  Melee: Unarmed           |     1 |       ||     1
         Spear             |       |     2 ||     2
   Cast: Magic Dart        |    51 |    25 ||    76
         Searing Ray       |     4 |    11 ||    15
    Use: Potion            |       |     2 ||     2
 Armour: Robe              |    14 |    28 ||    42
  Dodge: Dodged            |    12 |    25 ||    37
